 Dungeon Crawl Stone Soup version 0.32-a0-996-gb3226c233f (webtiles) character file.

Game seed: 1927478938528148731

4530 Revguard the Cleaver (level 10, -3/115 HPs)
             Began as a Coglin Gladiator on Apr 23, 2024.
             Was an Initiate of Wu Jian.
             Slain by an orange demon (10 damage)
             ... led by Amaemon
             ... on level 8 of the Dungeon.
             The game lasted 00:16:25 (6497 turns).

Revguard the Cleaver (Coglin Gladiator)             Turns: 6497, Time: 00:16:26

Health: -3/115     AC: 13    Str: 19    XL:     10   Next: 39%
Magic:  8/10       EV:  9    Int:  8    God:    Wu Jian [......]
Gold:   466        SH:  0    Dex: 15    Spells: 9/9 levels left

rFire   . . .        F - +0 broad axe (elec) {Umi}
rCold   . . .        y - +1 morningstar (holy) {Xue}
rNeg    + . .        a - +2 chain mail {rN+}
rPois   .            (helmet restricted)
rElec   .            (no cloak)
rCorr   .            (no gloves)
SInv    .            n - +0 pair of boots
Will    .....        (amulet unavailable) Stlth
                     (ring unavailable)
HPRegen 0.39/turn    (ring unavailable)
MPRegen 0.12/turn    (no gizmo)

%: no passive effects
@: berserking, lethally poisoned (-3 -> -57), hasted and slowed, revved
A: off-hand wielding, slow wielding, warmup strikes, no jewellery, horns 2,
subdued magic 1, MP-powered wands
a: Invent Gizmo, Renounce Religion


You were on level 8 of the Dungeon.
You worshipped Wu Jian.
Wu Jian was noncommittal.
You visited 2 branches of the dungeon, and saw 9 of its levels.
You also visited: Ossuary.

You collected 466 gold pieces.

Inventory:

Hand Weapons
 y - a +1 morningstar of holy wrath (offhand) {Xue}
 F - a +0 broad axe of electrocution (weapon) {Umi}
Missiles
 d - 3 throwing nets (quivered)
 e - a javelin
Armour
 a - a +2 chain mail of positive energy (worn)
 n - a +0 pair of boots (worn)
 r - a +1 plate armour
Wands
 c - a wand of flame (27)
 x - a wand of roots (7)
 B - a wand of charming (5)
Scrolls
 b - a scroll of revelation
 g - 4 scrolls of enchant armour
 h - 5 scrolls of teleportation
 m - 2 scrolls of vulnerability
 o - 2 scrolls of blinking
 q - a scroll of amnesia
 t - 4 scrolls of immolation
 u - a scroll of silence
 C - 6 scrolls of fog
 D - a scroll of identify
Potions
 k - a potion of attraction
 l - 4 potions of lignification
 p - 3 potions of curing
 s - a potion of enlightenment
 w - 2 potions of brilliance
 z - a potion of magic
 A - a potion of berserk rage


   Skills:
 + Level 6.3 Fighting
 * Level 9.3 Axes
 - Level 1.7 Throwing
 + Level 5.4 Armour
 + Level 6.1 Dodging
 + Level 7.6 Evocations


You had 9 spell levels left.
You didn't know any spells.
Your spell library contained the following spells:

 Spells                   Type           Power      Damage    Failure   Level
 Sandblast                Erth           0%         2d4       96%         1
 Dazzling Flash           Conj/Hex       0%         N/A       100%        3
 Passwall                 Erth           0%         N/A       100%        3
 Stone Arrow              Conj/Erth      0%         3d7       100%        3
 Starburst                Conj/Fire      0%         6d3       100%        6
 Fulsome Fusillade        Conj/Alch      0%         (3-5)d4   100%        8


Dungeon Overview and Level Annotations

Branches:
Dungeon (8/15)             Temple (1/1) D:7         Ossuary (visited)
   Lair: D:8-11

Altars:
Ashenzari
Cheibriados
Dithmenos
Elyvilon
Fedhas
Gozag
Hepliaklqana
Kikubaaqudgha
Makhleb
Nemelex Xobeh
Okawaru
Qazlal
Ru
Sif Muna
Trog
Uskayaw
Vehumet
Wu Jian
Xom
Yredelemnul
Zin
The Shining One


Innate Abilities, Weirdness & Mutations

You can wield a second weapon in your off-hand.
It takes a long time for you to wield or remove held weapons.
Your first few attacks do less damage.
You cannot equip rings or amulets.
You have a pair of horns on your head.
Your spells are a little easier to cast, but a little less powerful.
You expend magic power (3 MP) to strengthen your wands.


Message History

The orange demon barely misses you. The scorpion barely misses you.
You barely miss Amaemon with your +1 morningstar of holy wrath.
Amaemon is severely wounded.
The jelly quivers.
You slash Amaemon with your +0 broad axe of electrocution!
Lightning courses through Amaemon!!
You kill Amaemon!
The Council accepts your kill.
The scorpion disappears in a puff of smoke! x2
The gnoll hits you but does no damage. The orange demon stings you from afar!
You are poisoned.
You have difficulty breathing.
You feel yourself slow down.
You lunge at the orange demon.
You slice the orange demon with your +0 broad axe of electrocution!!
The orange demon is heavily wounded.
You closely miss the gnoll with your +0 broad axe of electrocution.
You hit the gnoll with your +0 broad axe of electrocution.
You closely miss the orange demon with your +1 morningstar of holy wrath.
You feel extremely sick. The gnoll hits you but does no damage.
The orange demon stings you!
* * * LOW HITPOINT WARNING * * *
You are lethally poisoned!
You have difficulty breathing.
* * * LOW HITPOINT WARNING * * *
You feel as though you will be slow longer.
The orange demon hits you but does no damage.
The gnoll closely misses you.
Things that are here:
a -2 demon whip of venom; a +0 spear; a +0 ring mail You slash the orange demon with your +0 broad axe of electrocution!
Your headbutt misses the orange demon.
The orange demon is severely wounded.
You closely miss the gnoll with your +0 broad axe of electrocution.
You hit the gnoll with your +0 broad axe of electrocution.
You sock the orange demon with your +1 morningstar of holy wrath!
The orange demon convulses!
* * * LOW HITPOINT WARNING * * *
You feel extremely sick. The gnoll closely misses you.
The orange demon stings you!
You die...

#.... .. #...# ###.# .
#. #...# #.# ..## #.
#...# #.# .....#. #...#
#.. .....#. #...#
########
.....§.####...###...##
#.#..§g)............)###
.....§4@)?..........))).
#.#...g§)...........)##.
.....#.####h..###...###.
#... #. #.h.# ##### #.
#.# #. #...# #. . #.
#....J# #< .. #.#...#.#
#. ###.##..h##. #. #.
..... #.


You could see an orange demon (curare), 2 howler monkeys and 2 gnolls.

Vanquished Creatures
  Amaemon (D:8)
  Maggie (D:7)
  The ghost of arvianne the Sneak, a novice KoBr of Wu Jian (D:5)
  Sigmund (D:2)
  A wyvern (D:7)
  Edmund (D:5)
  A water moccasin (D:6)
  3 ice beasts
  A sky beast (D:6)
  An orc warrior (D:7)
  2 ogres (D:5)
  A centaur (D:7)
  3 kobold brigands
  3 gnoll sergeants
  10 scorpions
  A centaur zombie (Ossuary)
  5 hounds
  4 bombardier beetles
  3 gnoll boudas
  3 orc priests
  3 sleepcaps
  3 iguanas (D:5)
  An orc wizard (D:4)
  5 scorpion zombies (Ossuary)
  4 mummies
  25 gnolls
  8 adders
  2 adder zombies (Ossuary)
  3 dart slugs
  A ribbon worm (D:1)
  20 orcs
  A ball python (D:4)
  4 bats
  8 endoplasms
  2 giant cockroaches
  7 goblins
  3 hobgoblins
  4 jackals
  17 kobolds
  4 quokkas
  A ball python zombie (Ossuary)
  16 frilled lizards
  3 gnoll zombies (Ossuary)
  2 jackal zombies (Ossuary)
  2 kobold zombies (D:4)
  3 orc zombies (Ossuary)
  6 rats
205 creatures vanquished.

Vanquished Creatures (collateral kills)
  A gnoll (D:6)
  2 kobolds (D:6)
3 creatures vanquished.

Vanquished Creatures (others)
  A gnoll (D:6)
1 creature vanquished.

Grand Total: 209 creatures vanquished

Notes
Turn   | Place    | Note
-------+----------+-------------------------------------------
     0 | D:1      | Revguard the Coglin Gladiator began the quest for the Orb.
     0 | D:1      | Reached XP level 1. HP: 16/16 MP: 1/1
   126 | D:1      | Reached XP level 2. HP: 20/22 MP: 2/2
   843 | D:2      | Reached skill level 1 in Evocations
   909 | D:2      | Noticed Sigmund
   915 | D:2      | Killed Sigmund
   916 | D:2      | Reached skill level 4 in Axes
   916 | D:2      | Reached skill level 1 in Armour
   916 | D:2      | Reached XP level 3. HP: 22/28 MP: 3/3
   916 | D:2      | Reached XP level 4. HP: 27/34 MP: 4/4
   916 | D:2      | Reached XP level 5. HP: 32/40 MP: 5/5
  1724 | D:3      | Reached XP level 6. HP: 31/46 MP: 6/6
  1849 | D:3      | Found a stormy altar of Qazlal.
  1853 | D:3      | Noticed a fire elemental
  1857 | D:3      | Noticed a water elemental
  1857 | D:3      | Noticed an air elemental
  2295 | D:4      | Found a sand-covered staircase.
  2303 | Ossuary  | Entered an ossuary
  2323 | Ossuary  | Reached skill level 5 in Axes
  2361 | Ossuary  | Reached XP level 7. HP: 27/52 MP: 7/7
  2644 | Ossuary  | Reached XP level 8. HP: 60/60 MP: 8/8
  2679 | Ossuary  | Reached skill level 6 in Axes
  3224 | D:4      | Reached skill level 5 in Evocations
  3778 | D:4      | Gained mutation: You expend magic power (3 MP) to
                  | strengthen your wands. [potion of mutation]
  3778 | D:4      | Gained mutation: Your spells are a little harder to cast,
                  | but a little more powerful. [potion of mutation]
  3778 | D:4      | Gained mutation: You are agile. (Dex +4, Str/Int -1)
                  | [potion of mutation]
  3778 | D:4      | Gained mutation: You have a pair of small horns on your
                  | head. [potion of mutation]
  3785 | D:4      | Lost mutation: You are agile. (Dex +4, Str/Int -1) [potion
                  | of mutation]
  3785 | D:4      | Lost mutation: You expend magic power (3 MP) to strengthen
                  | your wands. [potion of mutation]
  3785 | D:4      | Lost mutation: Your spells are a little harder to cast, but
                  | a little more powerful. [potion of mutation]
  3785 | D:4      | Gained mutation: You are partially covered in iridescent
                  | scales. (AC +2) [potion of mutation]
  3785 | D:4      | Gained mutation: Your spells are a little easier to cast,
                  | but a little less powerful. [potion of mutation]
  3785 | D:4      | Gained mutation: You are agile. (Dex +4, Str/Int -1)
                  | [potion of mutation]
  3786 | D:4      | Lost mutation: You are agile. (Dex +4, Str/Int -1) [potion
                  | of mutation]
  3786 | D:4      | Lost mutation: Your spells are a little easier to cast, but
                  | a little less powerful. [potion of mutation]
  3786 | D:4      | Lost mutation: You are partially covered in iridescent
                  | scales. (AC +2) [potion of mutation]
  3786 | D:4      | Gained mutation: You expend magic power (3 MP) to
                  | strengthen your wands. [potion of mutation]
  3786 | D:4      | Gained mutation: Your spells are a little easier to cast,
                  | but a little less powerful. [potion of mutation]
  3786 | D:4      | Gained mutation: You have a pair of horns on your head.
                  | [potion of mutation]
  3876 | D:5      | Entered Level 5 of the Dungeon
  3879 | D:5      | Found a transporter.
  3883 | D:5      | Noticed arvianne's ghost (novice KoBr)
  3884 | D:5      | Found a transporter.
  4008 | D:5      | Noticed Edmund
  4012 | D:5      | Killed Edmund
  4013 | D:5      | Reached skill level 7 in Axes
  4258 | D:5      | Reached XP level 9. HP: 67/67 MP: 9/9
  4466 | D:5      | Reached skill level 5 in Dodging
  4467 | D:5      | Killed arvianne's ghost
  4468 | D:5      | Reached skill level 5 in Fighting
  4725 | D:6      | Reached skill level 8 in Axes
  5363 | D:7      | Found a staircase to the Ecumenical Temple.
  5396 | D:7      | Reached XP level 10. HP: 53/76 MP: 10/10
  5405 | Temple   | Entered the Ecumenical Temple
  5427 | Temple   | Became a worshipper of the Wu Jian Council
  5464 | D:7      | Reached skill level 5 in Armour
  5775 | D:7      | Noticed Maggie
  5780 | D:7      | Killed Maggie
  6282 | D:8      | Reached skill level 9 in Axes
  6379 | D:8      | Found a burning altar of Makhleb.
  6382 | D:8      | Found a basalt altar of Yredelemnul.
  6385 | D:8      | Found a snail-covered altar of Cheibriados.
  6388 | D:8      | Found a broken altar of Ashenzari.
  6487 | D:8      | Noticed Amaemon
  6488 | D:8      | Noticed an orange demon
  6495 | D:8      | Killed Amaemon
  6497 | D:8      | Slain by an orange demon

Illustrated notes

Levels and vault maps discovered:
D:1:      dpeg_arrival_brainrot, layout_basic
D:2:      minmay_alternating_diamond, layout_rooms, minmay_pentomino_v2,
          uniq_sigmund
D:3:      kennysheep_six_static_rooms, layout_loops_ring,
          nicolae_qazlal_style_of_elements, dk_noncrumbling_4,
          minmay_misc_feat_rugged, minmay_close_crescents
D:4:      layout_basic, nicolae_ossuary_entry_giza
D:5:      layout_gridville, gammafunk_ghost_smash, serial_bayou_pond_d,
          minmay_lizard_king, uniq_edmund
D:6:      layout_cave_pools, nicolae_nh_ransacked_shop
D:7:      layout_loops_ring, temple_fountains, serial_rivers,
          chequers_serial_rivers_small_a, chequers_serial_rivers_room_b,
          chequers_serial_rivers_micro_c, chequers_serial_rivers_micro_b,
          chequers_serial_rivers_marsh, amethyst_killhole, uniq_maggie
D:8:      layout_loops_cross, grunt_temple_overflow_cloverleaf, serial_shops,
          nicolae_shop_window_shopping, uniq_amaemon
Temple:   bh_familiar_temple

Skill      XL: |  1  2  3  4  5  6  7  8  9 10 |
---------------+-------------------------------+-----
Evocations     | 2 3 4 5 7 |  7.6
Axes           | 4 5 7 8 9 |  9.3
Armour         | 1 2 3 4 5 |  5.4
Dodging        | 3 4 5 6 |  6.1
Fighting       | 3 4 5 6 |  6.3
Throwing       | |  1.7

Action                     |  1- 3 |  4- 6 |  7- 9 | 10-12 || total
---------------------------+-------+-------+-------+-------++-------
  Melee: War axe           |    30 |    72 |   165 |    14 ||   281
         Dagger            |     6 |       |       |       ||     6
         Hand axe          |    20 |    43 |       |       ||    63
         Morningstar       |       |    28 |   157 |    34 ||   219
         Headbutt          |       |       |    22 |    12 ||    34
         Broad axe         |       |       |       |    22 ||    22
Ability: Lunge             |       |       |       |     8 ||     8
  Evoke: Wand              |       |       |     2 |     1 ||     3
    Use: Scroll            |       |     9 |    10 |     2 ||    21
         Potion            |       |       |    10 |     2 ||    12
   Stab: Sleeping          |     2 |       |       |       ||     2
 Armour: Leather armour    |    13 |       |       |       ||    13
         Chain mail        |     5 |     1 |       |    31 ||    37
         Plate armour      |       |   113 |   245 |    22 ||   380
  Dodge: Dodged            |    17 |    42 |    80 |    25 ||   164

Table legend: (Time is in decaauts)
 A = Elapsed time spent in this place.
 B = Non-inter-level travel time spent in this place.
 C = Inter-level travel time spent in this place.
 D = Time resting spent in this place.
 E = Time spent auto-exploring this place.
 F = Levels seen in this place.
 G = Mean time per level.
                   A        B        C        D        E       F      G
               +--------+--------+--------+--------+--------+-----+--------+
         Total |   6638 |   6400 |    238 |    258 |   4607 |  10 |  663.8 |
       Dungeon |   5977 |   5756 |    221 |    105 |   4375 |   8 |  747.1 |
        Temple |     39 |     22 |     17 |      0 |      0 |   1 |   39.0 |
       Ossuary |    620 |    620 |      0 |    153 |    232 |   1 |  620.0 |
               +--------+--------+--------+--------+--------+-----+--------+

Top non-repeatable levels by time:
     D:4: 1103 daAuts
     D:7: 928 daAuts
     D:3: 851 daAuts
     D:1: 845 daAuts
     D:6: 825 daAuts
     D:5: 624 daAuts
 Ossuary: 620 daAuts
     D:2: 549 daAuts
     D:8: 249 daAuts
  Temple: 39 daAuts
